 Dungeon Crawl Stone Soup version 0.29.0-11-gd7f09526c8 (webtiles) character file.

Game seed: 6458382955958758008

9 blackman the Sneak (level 2, -1/24 HPs)
             Began as a Demonspawn Delver on Sept 3, 2022.
             Slain by a hound (2 damage)
             ... on level 5 of the Dungeon.
             The game lasted 00:00:57 (89 turns).

blackman the Sneak (Demonspawn Delver)                Turns: 89, Time: 00:00:57

Health: -1/24      AC:  3    Str: 12    XL:     2   Next: 3%
Magic:  2/2        EV: 11    Int: 11    God:
Gold:   24         SH:  0    Dex: 14    Spells: 1/1 levels left

rFire   . . .      SeeInvis .   a - +0 hand axe
rCold   . . .      Faith    .   (no shield)
rNeg    . . .      Spirit   .   b - +0 leather armour
rPois   .          Reflect  .   (no helmet)
rElec   .          Harm     .   (no cloak)
rCorr   .          Rampage  .   (no gloves)
Will    .....                   (no boots)
Stlth   ++........              (no amulet)
HPRegen 0.08/turn               (no ring)
MPRegen 0.08/turn               (no ring)

@: hasted, very quick
A: hooves 1
a: no special abilities


You were on level 5 of the Dungeon.
You visited 1 branch of the dungeon, and saw 1 of its levels.

You collected 24 gold pieces.

Inventory:

Hand Weapons
 a - a +0 hand axe (weapon)
Armour
 b - a +0 leather armour (worn)
Wands
 g - a wand of digging (2)
Scrolls
 c - a scroll of fog


   Skills:
 - Level 3.0 Fighting
 + Level 2.5 Axes
 - Level 1.7 Dodging
 - Level 4.5 Stealth


You had one spell level left.
You didn't know any spells.
Your spell library was empty.

Dungeon Overview and Level Annotations

Branches:
Dungeon (5/15)
 Temple: D:4-7

Altars:
Xom


Innate Abilities, Weirdness & Mutations

You have large cloven feet.


Message History

You have reached level 2!
Your demonic ancestry asserts itself...
Your feet thicken and deform.
Sorry, you're not good enough to have a special ability.
Unknown command.
As you read the scroll labelled BUPTYTS HIWN, it crumbles to dust.
It is a scroll of identify.
You don't have any unidentified items.
* * * LOW HITPOINT WARNING * * *
You feel sick.
A hound is nearby!
* * * LOW HITPOINT WARNING * * *
You feel sick.
* * * LOW HITPOINT WARNING * * *
You feel sick.
You are no longer poisoned.
You feel yourself speed up.
You open the door. The hound closely misses you.
There is an open door here.
The hound attacks as you move away! The hound bites you.
* * * LOW HITPOINT WARNING * * *
The hound attacks as you move away! The hound bites you but does no damage.
You open the door.
A quokka, an orc wizard, 2 orc priests and 2 orcs come into view.
An orc priest is wielding a +1 vorpal hand axe.
The hound closely misses you.
Found a fuming blue potion.
Found a shimmering altar of Xom.
Aiming: Dig
Press: ? - help, Shift-Dir - straight line A rock wall.
The rock shatters into small pieces.
The orc priest shouts!
You hear a shout!
The orc shouts!
The hound closely misses you.
A white imp comes into view.
The orc priest shouts!
You hear a shout!
The orc wizard shouts!
You hear a shout!
The hound barely misses you. x2
You hear a shout!
The hound attacks as you move away! The hound bites you.
You die...

*** ***** *,, #,#,* *,* **#^#^*
*,* *,#oo.### ##########**,*
*,+.roo.#####.........,,,*
********,*,,,#oh@.........#******
,,,,,,,,,*^*^#.#####......#******
,,,,,,,,,*,*,#.....'......+,,,,,,
,,,,,,,,,****#######......####***
,,,,,,,,,,,,,,* #.........#
,,,,,,,,,,,,,,* #########.#
,,,,,,,,,,,,,,* #.#
,,,,,,,,,,,,,,* #.#
********,,,,,,* #h#


You could see a hound, 2 orc priests, an orc wizard, 2 orcs and a quokka.

Vanquished Creatures
  An adder (D:5)
1 creature vanquished.

Notes
Turn   | Place    | Note
-------+----------+-------------------------------------------
     0 | D:5      | blackman the Demonspawn Delver began the quest for the Orb.
     0 | D:5      | Reached XP level 1. HP: 18/18 MP: 1/1
    38 | D:5      | Noticed a hound
    42 | D:5      | Noticed an iguana
    68 | D:5      | Gained mutation: You have large cloven feet. [demonic
                  | ancestry]
    68 | D:5      | Reached XP level 2. HP: 4/24 MP: 2/2
    70 | D:5      | HP: 1/24 [poisoned by an adder]
    83 | D:5      | HP: 1/24 [hound (1)]
    85 | D:5      | Found a shimmering altar of Xom.
    89 | D:5      | Slain by a hound

Illustrated notes

Levels and vault maps discovered:
D:5:      layout_basic, led_xom_imps, minmay_misc_feat_room

Skill      XL: |  1 |
---------------+----+-----
Axes           | 2 |  2.5
Fighting       | |  3.0
Dodging        | |  1.7
Stealth        | |  4.5

Action                   || total
-------------------------++-------
Melee: Hand axe          ||     8
Evoke: Wand              ||     1
  Use: Scroll            ||     3
       Potion            ||     1
Armor: Leather armour    ||     4
Dodge: Dodged            ||    10
